 Dungeon Crawl Stone Soup version 0.31-a0-971-g75a2e9a4b4 (webtiles) character file.

Game seed: 2122231346931160521

196 BinkBink the Ruffian (level 5, -3/36 HPs)
             Began as an Octopode Shapeshifter on Oct 28, 2023.
             Killed by divine providence
             ... invoked by an orc priest
              (12 damage)
             ... on level 4 of the Dungeon.
             The game lasted 00:02:48 (2556 turns).

BinkBink the Ruffian (Octopode Shapeshifter)        Turns: 2556, Time: 00:02:48

Health: -3/36      AC:  1    Str: 15    XL:     5   Next: 75%
Magic:  5/5        EV: 18    Int: 12    God:
Gold:   247        SH:  0    Dex: 12    Spells: 4/4 levels left

rFire   . .          .
                       - Unarmed
rCold   . . .        (no shield)
rNeg    . . .        (helmet currently unavailable)
rPois   .            (no amulet)
rElec   .            l - ring of flight
rCorr   .            m - +5 ring of evasion
SInv    .            (no ring)
Will    .....        (no ring)
Stlth   ++           (no ring)
HPRegen 0.26/turn    (no ring)
MPRegen 0.09/turn    (no ring)
                     (no ring)

%: no passive effects
@: beast-form, weak-willed, flying
A: beast (slay +2), almost no armour, amphibious, 8 rings, camouflage 1,
gelatinous body 1, (nimble swimmer 1), tentacles
a: Begin Untransformation


You were on level 4 of the Dungeon.
You were a hulking beast.
You visited 1 branch of the dungeon, and saw 4 of its levels.

You collected 247 gold pieces.

Inventory:

Jewellery
 l - a ring of flight (left tentacle)
 m - a +5 ring of evasion (right tentacle)
Talismans
 b - a beast talisman
 c - a flux talisman
Wands
 n - a wand of iceblast (12)
Scrolls
 g - a scroll of amnesia {unknown}
 h - a scroll of vulnerability
 k - 7 scrolls of identify {unknown}
 p - a scroll of enchant armour
Potions
 a - a potion of lignification
 d - 2 potions of ambrosia {unknown}
 f - a potion of degeneration {unknown}
 i - a potion of haste {unknown}
 j - 2 potions of curing
 o - a potion of brilliance {unknown}
 q - a potion of resistance {unknown}
 r - a potion of might {unknown}


   Skills:
 + Level 2.8 Fighting
 + Level 3.2 Dodging
 + Level 4.0 Unarmed Combat
 + Level 3.8 Shapeshifting


You had 4 spell levels left.
You didn't know any spells.
Your spell library contained the following spells:

 Spells                   Type           Power      Damage    Failure   Level
 Gell's Gravitas          Tloc           0%         N/A       69%         3
 Teleport Other           Tloc           0%         N/A       69%         3
 Dispersal                Tloc           0%         N/A       100%        6


Dungeon Overview and Level Annotations

Branches:
Dungeon (4/15)
 Temple: D:4-7

Altars:
Fedhas

Annotations:
D:4 Dowan, Duvessa, Eustachio


Innate Abilities, Weirdness & Mutations

You are a hulking beast.
Your limbs bulge with bestial killing power. (Slay +2)
You cannot wear most types of armour.
You are amphibious.
You can wear up to eight rings at the same time.
Your skin changes colour to match your surroundings (Stealth+).
Your rubbery body absorbs attacks. (AC +1, EV +1)
((You are camouflaged when in or above water. (Stealth+)))
You have tentacles for arms and can constrict up to eight enemies at once.


Message History

* * * LOW HITPOINT WARNING * * *
Things that are here:
a +0 mace; 15 gold pieces; an adder corpse It was a potion of curing.
You feel better.
An orc comes into view. It is wielding a +0 hand axe.
The orc barely misses you.
As you read the scroll labelled TYAPLI IRERGH, it crumbles to dust.
Magic quickly surges around you.
It was a scroll of vulnerability.
The orc hits you with a +0 short sword.
* * * LOW HITPOINT WARNING * * *
As you read the scroll labelled POLUKH DOHANIA, it crumbles to dust.
It is a scroll of enchant armour.
You aren't carrying any armour which can be enchanted further.
Eustachio mumbles some strange words.
The orc misses you.
As you read the scroll labelled UFE RELYOD YWU, it crumbles to dust.
You feel strangely unstable.
It was a scroll of teleportation.
The shadow imp laughs crazily.
Eustachio casts a spell.
Eustachio blinks!
The orc completely misses you.
You tentacle-slap the orc. You grab the orc. You squeeze the orc.
You kill the orc!
Your surroundings suddenly seem different.
Found a ring mail and a leather armour.
You start resting.
You hear the slow hiss of a very distant avalanche of sand.
You hear the slow rusting of a distant drain.
Unknown command.
You see here a +0 ring mail.
You see here a +0 leather armour.
The orc priest shouts!
You hear a shout!
The orc priest mumbles some strange prayers to Beogh against you.
Beogh smites you!
* * * LOW HITPOINT WARNING * * *
The orc priest begins to cast a cantrip, but forgets the words!
Found a stone staircase leading up.
A dart slug comes into view.
The orc priest mumbles some strange prayers to Beogh against you.
Beogh smites you!
You die...

.............#..##
...#.#####.###.##
.# #.....# #.##..#
#.#. #.###.#
##.##.# ... ..#
#..##..##.###.##
###
#....##...#...## #
#..###.........##..
#...o..............
##.........h...<...
#.##..............
####
#####.............
...###
##...#...##w..
##...### ######.##
.. .......# ... #
######.. .... ....


You could see an orc priest and a dart slug.

Vanquished Creatures
  An orc priest (D:3)
  A jelly (D:3)
  An orc wizard (D:3)
  4 adders
  A worm (D:2)
  A dart slug (D:2)
  10 orcs
  4 ball pythons
  3 bats
  4 endoplasms
  5 giant cockroaches
  9 goblins
  5 hobgoblins
  3 frilled lizards
  6 kobolds
  2 rats
60 creatures vanquished.

Vanquished Creatures (others)
  An adder (D:4)
1 creature vanquished.

Grand Total: 61 creatures vanquished

Notes
Turn   | Place    | Note
-------+----------+-------------------------------------------
     0 | D:1      | BinkBink the Octopode Shapeshifter began the quest for the
                  | Orb.
     0 | D:1      | Reached XP level 1. HP: 13/13 MP: 1/1
   194 | D:1      | Reached XP level 2. HP: 18/18 MP: 2/2
   341 | D:1      | Found a faded altar of an unknown god.
   980 | D:2      | Identified the +0 leather armour "Zoegoog" {rC++ Str+3
                  | SInv}
   985 | D:2      | Reached XP level 3. HP: 23/23 MP: 3/3
  1659 | D:3      | Found a blossoming altar of Fedhas.
  1733 | D:3      | Reached XP level 4. HP: 21/29 MP: 4/4
  2039 | D:3      | Reached XP level 5. HP: 35/35 MP: 5/5
  2303 | D:3      | Reached skill level 4 in Unarmed Combat
  2484 | D:4      | Noticed Dowan
  2484 | D:4      | Noticed Duvessa
  2511 | D:4      | Noticed Eustachio
  2517 | D:4      | HP: 1/35 [orc priest/divine providence (8)]
  2556 | D:4      | Killed from afar by an orc priest

Illustrated notes

Levels and vault maps discovered:
D:1:      evilmike_arrival_hilbert_curve, layout_basic,
          hellmonk_ecumenical_altar_arch_garden
D:2:      layout_basic, minmay_pentomino_o4
D:3:      layout_loops_ring, fedhas_altar_2
D:4:      layout_rooms, fiery_altar_vehumet,
          mainiacjoe_ossuary_entry_find_the_door,
          mainiacjoe_sewer_entry_somewhere_in_here_2, uniq_sigmund,
          uniq_eustachio, uniq_duvessa

Skill      XL: |  1  2  3  4  5 |
---------------+----------------+-----
Fighting       | 2 |  2.8
Dodging        | 3 |  3.2
Unarmed Combat | 4 |  4.0
Shapeshifting  | |  3.8

Action                     |  1- 3 |  4- 6 || total
---------------------------+-------+-------++-------
  Melee: Unarmed           |    63 |    57 ||   120
         Constrict         |    16 |    18 ||    34
         Tentacles         |    12 |    15 ||    27
         Punch             |     1 |     1 ||     2
    Use: Scroll            |       |     3 ||     3
         Potion            |       |     1 ||     1
   Stab: Sleeping          |     6 |     3 ||     9
 Armour: Skin              |    16 |    21 ||    37
  Dodge: Dodged            |    36 |    31 ||    67

Table legend: (Time is in decaauts)
 A = Elapsed time spent in this place.
 B = Non-inter-level travel time spent in this place.
 C = Inter-level travel time spent in this place.
 D = Time resting spent in this place.
 E = Time spent auto-exploring this place.
 F = Levels seen in this place.
 G = Mean time per level.
                   A        B        C        D        E       F      G
               +--------+--------+--------+--------+--------+-----+--------+
         Total |   2546 |   2472 |     74 |     90 |   2021 |   4 |  636.5 |
       Dungeon |   2546 |   2472 |     74 |     90 |   2021 |   4 |  636.5 |
               +--------+--------+--------+--------+--------+-----+--------+

Top non-repeatable levels by time:
     D:2: 949 daAuts
     D:3: 762 daAuts
     D:1: 705 daAuts
     D:4: 129 daAuts
